[Event "POR-ch Women Rapid 2019"]
[Site "Portimao"]
[Date "2019.09.07"]
[Round "6.2"]
[White "Silva, Ana Ines Teixeira Da"]
[Black "Jorge, Rita Maria Osorio"]
[Result "1-0"]
[ECO "C62"]
[WhiteElo "1738"]
[BlackElo "1957"]
[Annotator "NA"]
[PlyCount "60"]
[EventDate "2019.09.08"]
[EventType "swiss"]
[EventCountry "POR"]
[SourceTitle "playchess.com"]
[Source "ChessBase"]
[SourceQuality "1"]
[TimeControl "900+5"]

1. e4 e5 2. Nf3 Nc6 3. Bb5 d6 4. d4 exd4 5. Bxc6+ bxc6 6. Nxd4 Bd7 7. O-O g6 8. c4 Bg7 9. Nc3 Nf6 10. f3 O-O 11. Kh1 Qc8 12. Be3 a5 13. Qd2 Qa6 14. b3 Rfe8 15. Bh6 Qb6 16. Bxg7 Kxg7 17. Rae1 Rad8 18. f4 Qc5 19. f5 Bc8 20. Rf3 d5 21. cxd5 cxd5 22. e5 Ng4 23. f6+ Kg8 24. Qf4 Rd6 25. e6 Rdxe6 26. Nxe6 Rxe6 27. Rxe6 Bxe6 28. h3 d4 29. Ne4 Qh5 30. Qxc7 Nxf6 1-0

[Event "POR-ch Women Rapid 2019"]
[Site "Portimao"]
[Date "2019.09.07"]
[Round "6.3"]
[White "Soares, Sara Joana De Moura "]
[Black "Duque, Raquel Dos Santos"]
[Result "0-1"]
[ECO "C53"]
[WhiteElo "1533"]
[BlackElo "1415"]
[Annotator "NA"]
[PlyCount "205"]
[EventDate "2019.09.08"]
[EventType "swiss"]
[EventCountry "POR"]
[SourceTitle "playchess.com"]
[Source "ChessBase"]
[SourceQuality "1"]
[TimeControl "900+5"]

1. e4 e5 2. Nf3 Nc6 3. Bc4 Bc5 4. c3 d6 5. d4 exd4 6. cxd4 Bb4+ 7. Bd2 Bxd2+ 8. Nbxd2 Nge7 9. O-O Bg4 10. Bxf7+ Kf8 11. Qb3 Na5 12. Qb4 Nec6 13. Qc3 Kxf7 14. d5 Re8 15. dxc6 Nxc6 16. Qb3+ Kf8 17. Qxb7 Ne5 18. Nxe5 Rxe5 19. Nc4 Rg5 20. f4 Rg6 21. Ne3 Rb8 22. Qxa7 Rxb2 23. Nxg4 Rxg4 24. g3 Qh4 25. Rf2 Rxg3+ 26. hxg3 Qxg3+ 27. Kf1 Qd3+ 28. Kg1 Qg3+ 29. Kf1 Qh3+ 30. Ke1 Qc3+ 31. Kf1 Rxf2+ 32. Kxf2 Qb2+ 33. Ke3 Qc3+ 34. Kf2 Qb2+ 35. Kf3 Qxa1 36. Qb8+ Ke7 37. Qxc7+ Ke6 38. f5+ Kf6 39. Qxd6+ Kg5 40. Qe7+ Kh5 41. Qf7+ Kh6 42. Qe6+ Kh5 43. Qc4 Qh1+ 44. Ke3 Qg1+ 45. Kd3 Qd1+ 46. Ke3 Qg1+ 47. Kf4 Qh2+ 48. Ke3 Qg1+ 49. Kd3 Qd1+ 50. Kc3 Qe1+ 51. Kd4 Qd2+ 52. Ke5 Qa5+ 53. Qd5 Qc3+ 54. Kd6 Qb4+ 55. Ke6 Qb6+ 56. Ke7 Qc7+ 57. Kf8 Kh6 58. Qe6+ g6 59. Qe7 Qc8+ 60. Kf7 Qc4+ 61. Qe6 Qc7+ 62. Kf6 Qc3+ 63. e5 Qc7 64. Qe7 Qb6+ 65. Qd6 Qa7 66. Qd2+ Kh5 67. Qe2+ Kh4 68. Qe4+ Kh5 69. Qf3+ Kh4 70. Qd3 Qb6+ 71. Qd6 Qa7 72. a3 Kh5 73. Qd1+ Kh4 74. Qe1+ Kg4 75. Qe2+ Kh4 76. Qe1+ Kg4 77. Qd1+ Kh4 78. fxg6 hxg6 79. Qe1+ Kh5 80. Qe2+ Kh4 81. Qh2+ Kg4 82. Qg2+ Kh4 83. Qe4+ Kh5 84. Qxg6+ Kh4 85. Qe4+ Kg3 86. Qd3+ Kg4 87. Qd6 Qf2+ 88. Ke6 Qa2+ 89. Ke7 Kf4 90. e6+ Kf5 91. Qc5+ Kg6 92. Qd6 Qb2 93. Qd3+ Kg5 94. Qd5+ Kg6 95. a4 Qb4+ 96. Qd6 Qxa4 97. Qd7 Qh4+ 98. Kd6 Qd4+ 99. Kc7 Qc5+ 100. Kd8 Qg5+ 101. Ke8 Qc5 102. Qf7+ Kg5 103. Qe7+ 0-1

[Event "POR-ch Women Rapid 2019"]
[Site "Portimao"]
[Date "2019.09.07"]
[Round "6.4"]
[White "Leite, Marta Sofia Carvalho"]
[Black "Avelino, Camila Biscaya"]
[Result "1-0"]
[ECO "C77"]
[WhiteElo "1722"]
[BlackElo "1722"]
[Annotator "NA"]
[PlyCount "31"]
[EventDate "2019.09.08"]
[EventType "swiss"]
[EventCountry "POR"]
[SourceTitle "playchess.com"]
[Source "ChessBase"]
[SourceQuality "1"]
[TimeControl "900+5"]

1. e4 e5 2. Nf3 Nc6 3. Bb5 a6 4. Ba4 Nf6 5. d3 d6 6. h3 b5 7. Bb3 Be7 8. O-O O-O 9. Nc3 Na5 10. Be3 Re8 11. Qd2 Bf8 12. Bg5 Nxb3 13. axb3 h6 14. Bxf6 Qxf6 15. Nxb5 Ra7 16. Nxa7 1-0